 Dungeon Crawl Stone Soup version 0.31.0-4-g52a2dc7128 (webtiles) character file.

Game seed: 4548488506677889390

2699 Killerpretzel the Thaumaturge (level 9, -7/67 HPs)
             Began as a Deep Elf Conjurer on Jan 23, 2024.
             Was a Follower of Vehumet.
             Succumbed to a green ugly thing's poison
             ... on level 8 of the Dungeon.
             The game lasted 01:14:50 (9712 turns).

Killerpretzel the Thaumaturge (Deep Elf Conjurer)   Turns: 9712, Time: 01:14:50

Health: -7/67      AC:  8    Str: 10    XL:     9   Next: 38%
Magic:  20/27      EV: 12    Int: 28    God:    Vehumet [*.....]
Gold:   414        SH:  4    Dex: 13    Spells: 29/32 levels left

rFire   + . .        H - +0 dagger (speed)
rCold   + . .        t - +0 buckler
rNeg    + . .        w - +0 robe
rPois   .            Y - +1 helmet {SInv}
rElec   .            E - scarf {rC+ rF+}
rCorr   .            R - +0 pair of gloves
SInv    +            V - +2 pair of boots
Will    .....        (no amulet) Stlth
                     n - ring of positive energy
HPRegen 0.31/turn    X - +6 ring of strength
MPRegen 0.20/turn

%: no passive effects
@: berserking, lethally poisoned (-7 -> -54), very quick
A: no striking features
a: Renounce Religion


You were on level 8 of the Dungeon.
You worshipped Vehumet.
Vehumet was aware of your devotion.
You visited 2 branches of the dungeon, and saw 10 of its levels.

You collected 414 gold pieces.

Inventory:

Hand Weapons
 h - a +3 dagger of freezing
 i - a +0 sling
 s - a +2 spear of venom
 x - a +0 dagger
 z - a +0 dagger of flaming
 A - a +0 dagger
 B - a +1 flail of venom
 F - a +2 dagger of venom
 H - a +0 dagger of speed (weapon)
 S - a +0 dagger
 W - a +1 short sword of venom
Missiles
 e - 104 stones
 y - 19 poisoned darts
 C - 5 atropa-tipped darts
 I - 6 boomerangs
Armour
 a - a +0 robe
 d - a +0 helmet
 p - a +0 robe
 t - a +0 buckler (worn)
 w - a +0 robe (worn)
 E - a scarf of resistance (worn)
 O - a +0 cloak
 Q - a +0 robe
 R - a +0 pair of gloves (worn)
 V - a +2 pair of boots (worn)
 Y - a +1 helmet of see invisible (worn)
Jewellery
 n - a ring of positive energy (left hand)
 L - a ring of ice
 X - a +6 ring of strength (right hand)
 Z - a ring of see invisible
Scrolls
 b - 2 scrolls of blinking {unknown}
 g - 8 scrolls of identify {unknown}
 j - 4 scrolls of vulnerability {unknown}
 k - 5 scrolls of teleportation {unknown}
 m - 4 scrolls of enchant armour {unknown}
 q - a scroll of summoning {unknown}
 v - a scroll of revelation {unknown}
 J - 2 scrolls of immolation {unknown}
 N - 2 scrolls of amnesia {unknown}
 U - a scroll of fear {unknown}
Potions
 l - a potion of haste
 r - 4 potions of curing {unknown}
 u - 3 potions of lignification {unknown}
 D - a potion of ambrosia {unknown}
 M - a potion of attraction {unknown}
 T - a potion of might {unknown}


   Skills:
 - Level 0.3 Fighting
 - Level 2.5 Dodging
 - Level 2.9 Stealth
 * Level 12.0 Spellcasting
 * Level 10.8 Conjurations


You had 29 spell levels left.
You knew the following spells:

 Your Spells              Type           Power      Damage    Failure   Level
a - Magic Dart            Conj           100%       1d8       1%          1
b - Searing Ray           Conj           100%       2d8       1%          2

Your spell library contained the following spells:

 Spells                   Type           Power      Damage    Failure   Level
 Sting                    Conj/Alch      100%       1d9       1%          1
 Fulminant Prism          Conj/Alch      23%        3d12      5%          4
 Iskenderun's Mystic Bla  Conj/Tloc      47%        2d10      5%          4


Dungeon Overview and Level Annotations

Branches:
Dungeon (9/15)             Temple (1/1) D:5
   Lair: D:8-11         Orc: D:9-12

Altars:
Ashenzari
Cheibriados
Dithmenos
Elyvilon
Fedhas
Gozag
Hepliaklqana
Kikubaaqudgha
Makhleb
Nemelex Xobeh
Okawaru
Qazlal
Ru
Sif Muna
Trog
Uskayaw
Vehumet
Wu Jian
Xom
Yredelemnul
Zin
The Shining One

Annotations:
D:2 Sigmund
D:6 exclusions: 2 hounds, steam dragon and 1 more exclusion, Grinder
D:7 exclusions: troll and upstairs
D:8 exclusions: arcanist, centaur, hornet, orc, ugly thing and wight
D:9 exclusions: upstairs and 2 yaks


Message History

Confirm with . or Enter, or press ? or * to list all spells.
Aiming: Searing Ray (safe; 1% risk of failure)
Press: ? - help, Shift-Dir - straight line, f - green ugly thing
Aim: a green ugly thing (83% to hit)
The searing ray hits the green ugly thing.
The green ugly thing is lightly wounded. (Press . to maintain the ray.)
The green ugly thing barely misses you.
The searing ray hits the green ugly thing!
The green ugly thing is moderately wounded.
The green ugly thing claws you!
The searing ray hits the green ugly thing.
The green ugly thing is moderately wounded.
The green ugly thing claws you.
You are lethally poisoned!
The green ugly thing poisons you!
You feel much better.
You feel extremely sick. The green ugly thing claws you.
You are more poisoned.
The green ugly thing poisons you!
Casting: Searing Ray (safe; 1% risk of failure)
Confirm with . or Enter, or press ? or * to list all spells.
Aiming: Searing Ray (safe; 1% risk of failure)
Press: ? - help, Shift-Dir - straight line, f/p - green ugly thing
Aim: a green ugly thing (moderately wounded, 83% to hit)
The searing ray hits the green ugly thing.
The green ugly thing is heavily wounded. (Press . to maintain the ray.)
You feel extremely sick.
The green ugly thing claws you but does no damage.
The searing ray hits the green ugly thing.
The green ugly thing is heavily wounded.
* * * LOW HITPOINT WARNING * * *
You feel extremely sick.
The green ugly thing claws you but does no damage.
It was a potion of berserk rage.
A red film seems to cover your vision as you go berserk!
You feel yourself moving faster!
You feel mighty!
You die...

..# ..## ...## ....#
### ....# ###.###
[..#### #.....##
....#.####.....###
.......##....###.###
.............#..@..##
...........###..u...#
............###...###
......##....###...#
..........##......#
........##.......##
..>.....##........#
................###
#............##..#


You could see a green ugly thing.

Vanquished Creatures
  A wraith (D:9)
  4 water moccasins (D:9)
  An ice beast (D:7)
  A sky beast (D:7)
  2 black bears
  An ogre (D:5)
  A centaur (D:9)
  A kobold brigand (D:9)
  3 bullfrogs
  A gnoll sergeant (D:8)
  3 scorpions (D:5)
  4 wights
  An electric eel (D:9)
  3 bombardier beetles
  A gnoll bouda (D:7)
  2 jellies
  4 orc priests
  Jessica (D:3)
  An iguana (D:5)
  8 orc wizards
  Terence (D:3)
  4 adders
  7 gnolls
  A shadow imp (D:6)
  A white imp (D:7)
  4 ufetubi (D:6)
  A dart slug (D:1)
  A ribbon worm (D:2)
  29 orcs
  7 bats
  3 endoplasms
  2 giant cockroaches (D:1)
  6 goblins
  6 hobgoblins
  4 jackals (D:1)
  3 quokkas
  10 ball pythons
  2 frilled lizards
  13 kobolds
  2 rats (D:1)
151 creatures vanquished.

Notes
Turn   | Place    | Note
-------+----------+-------------------------------------------
     0 | D:1      | Killerpretzel the Deep Elf Conjurer began the quest for the
                  | Orb.
     0 | D:1      | Reached XP level 1. HP: 10/10 MP: 6/6
   512 | D:1      | Reached XP level 2. HP: 15/15 MP: 5/8
   515 | D:1      | Learned a level 2 spell: Searing Ray
  1384 | D:2      | Reached skill level 5 in Conjurations
  1384 | D:2      | Reached XP level 3. HP: 19/19 MP: 7/9
  2339 | D:2      | Noticed Sigmund
  2544 | D:3      | Noticed Jessica
  2546 | D:3      | Killed Jessica
  2547 | D:3      | Reached XP level 4. HP: 24/24 MP: 6/11
  2637 | D:3      | Reached skill level 4 in Spellcasting
  3108 | D:3      | Noticed Terence
  3116 | D:3      | Killed Terence
  3596 | D:4      | Noticed a phantom
  3600 | D:5      | Entered Level 5 of the Dungeon
  3661 | D:5      | Reached XP level 5. HP: 19/28 MP: 9/14
  3877 | D:5      | Reached skill level 5 in Spellcasting
  3947 | D:5      | Reached skill level 6 in Spellcasting
  3947 | D:5      | Reached XP level 6. HP: 32/32 MP: 4/17
  4148 | D:5      | Found a staircase to the Ecumenical Temple.
  4336 | D:5      | Reached skill level 7 in Spellcasting
  4506 | D:5      | Reached XP level 7. HP: 36/36 MP: 12/19
  4890 | D:6      | Found a hazy altar of Hepliaklqana.
  4922 | D:6      | Noticed a steam dragon
  5073 | D:6      | Noticed Grinder
  5473 | Temple   | Entered the Ecumenical Temple
  5632 | Temple   | Became a worshipper of Vehumet
  6217 | D:6      | Paralysed by Grinder for 3 turns
  6233 | D:6      | Paralysed by Grinder for 4 turns
  6300 | D:7      | Found a snail-covered altar of Cheibriados.
  6310 | D:7      | Reached skill level 8 in Spellcasting
  6787 | D:7      | Reached XP level 8. HP: 38/41 MP: 12/22
  6908 | D:7      | Reached skill level 9 in Spellcasting
  7078 | D:7      | Noticed a troll
  8017 | D:8      | Noticed a hornet
  8036 | D:8      | Noticed an arcanist
  8074 | D:8      | Reached * piety under Vehumet
  8074 | D:8      | Offered knowledge of Sting by Vehumet.
  8111 | D:8      | Reached skill level 10 in Spellcasting
  8186 | D:8      | Identified the +1 quarterstaff "Elaworgh" {antimagic, rC+
                  | Int+3}
  8307 | D:8      | Found a blossoming altar of Fedhas.
  8364 | D:8      | Noticed a skeletal warrior
  9051 | D:9      | Found a burning altar of Makhleb.
  9052 | D:9      | Found an ornate altar of the Wu Jian Council.
  9178 | D:9      | Reached skill level 11 in Spellcasting
  9178 | D:9      | Reached skill level 10 in Conjurations
  9249 | D:9      | Reached XP level 9. HP: 45/45 MP: 20/26
  9482 | D:9      | Noticed a troll
  9602 | D:8      | Noticed a green ugly thing
  9643 | D:9      | Reached skill level 12 in Spellcasting
  9711 | D:8      | HP: 1/45 [poisoned by a green ugly thing]
  9712 | D:8      | Succumbed to a green ugly thing's poison

Illustrated notes

Levels and vault maps discovered:
D:1:      dpeg_arrival_connections, layout_basic
D:2:      layout_loops_corners, uniq_sigmund
D:3:      layout_basic, chequers_avenue, minivault_4, uniq_jessica, uniq_terence
D:4:      layout_cave_pools
D:5:      layout_loops_ring, minmay_temple_entry_glass
D:6:      layout_cave_pods, lemuel_doored_altar, ebering_ghost_inner_flame,
          uniq_grinder
D:7:      layout_cave_pods, slow_altar_1, chequers_jeans
D:8:      layout_cave_pools, mainiacjoe_overflow_six_doors_small,
          kb_lookout_dungeons_type, nicolae_doodle_vault
D:9:      layout_loops_ring, nicolae_overflow_squiral,
          due_lair_maze_entry_diamond, orc_0_dummy,
          nicolae_straight_to_the_point
Temple:   minmay_crystal_spiral_temple

Skill      XL: |  1  2  3  4  5  6  7  8  9 |
---------------+----------------------------+-----
Conjurations   | 5 6 7 8 10 | 10.8
Spellcasting   | 4 6 7 8 11 12 | 12.0
Fighting       | |  0.3
Dodging        | |  2.5
Stealth        | |  2.9

Action                     |  1- 3 |  4- 6 |  7- 9 || total
---------------------------+-------+-------+-------++-------
  Melee: Dagger            |     1 |     3 |       ||     4
   Cast: Magic Dart        |    70 |    58 |   119 ||   247
         Searing Ray       |     6 |    16 |    55 ||    77
    Use: Potion            |       |     4 |     5 ||     9
 Armour: Robe              |    10 |     9 |    78 ||    97
  Dodge: Dodged            |     8 |     8 |    51 ||    67
  Block: Buckler           |       |     4 |    14 ||    18
